 Dungeon Crawl Stone Soup version 0.30-a0-802-gb92711bcdf (webtiles) character file.

Game seed: 13429538344914908001

7 Twinkles the Sneak (level 1, 0/11 HPs)
             Began as a Spriggan Delver on Feb 25, 2023.
             Was an Initiate of Ru.
             Succumbed to an adder's poison
             ... on level 3 of the Dungeon.
             The game lasted 00:04:44 (330 turns).

Twinkles the Sneak (Spriggan Delver)                 Turns: 330, Time: 00:04:45

Health: 0/11       AC:  2    Str:  8    XL:     1   Next: 91%
Magic:  2/2        EV: 17    Int: 11    God:    Ru [......]
Gold:   19         SH:  0    Dex: 16    Spells: 0/0 levels left

rFire   . . .      SeeInvis +    a - +0 short sword
rCold   . . .      Faith    .    (no shield)
rNeg    . . .      Spirit   .    b - +0 robe
rPois   .          Reflect  .    (helmet restricted)
rElec   .          Harm     .    (no cloak)
rCorr   .          Rampage  .    (gloves unavailable)
Will    .....                    (boots unavailable)
Stlth   ++++                     (no amulet)
HPRegen 0.21/turn                (no ring)
MPRegen 0.08/turn                (no ring)

@: lethally poisoned (0 -> -2), very quick
A: very small, no large weapons, unfitting armour, see invisible, speed 3
a: Renounce Religion


You were on level 3 of the Dungeon.
You worshipped Ru.
Ru was noncommittal.
You visited 2 branches of the dungeon, and saw 4 of its levels.

You collected 19 gold pieces.

Inventory:

Hand Weapons
 a - a +0 short sword (weapon)
Armour
 b - a +0 robe (worn)
Wands
 d - a wand of digging (3)
Scrolls
 c - a scroll of blinking {unknown}
 e - a scroll of torment {unknown}
 F - a scroll of fog
 X - a scroll of magic mapping
Potions
 H - a potion of haste


   Skills:
 + Level 2.5 Fighting
 + Level 2.4 Short Blades
 + Level 3.0 Dodging
 + Level 7.4 Stealth


You couldn't memorise any spells.
You didn't know any spells.
Your spell library was empty.

Dungeon Overview and Level Annotations

Branches:
Dungeon (5/15) Zot: 17914  Temple (1/1) D:4 Zot: 5868

Altars:
Ashenzari
Fedhas
Hepliaklqana
Kikubaaqudgha
Makhleb
Okawaru
Qazlal
Ru
Trog
Uskayaw
Vehumet
Wu Jian
Yredelemnul
Zin
The Shining One

Annotations:
D:5 Dowan, Duvessa


Innate Abilities, Weirdness & Mutations

You are very small and have problems with some larger weapons.
You are too small for most types of armour.
You have supernaturally acute eyesight. (SInv)
You cover ground extremely quickly. (Speed+++)


Message History

The jackal barks!
You hear an angry hiss.
The goblin unwields a +0 sling.
The goblin wields a +0 dagger.
The goblin completely misses you.
A jackal comes into view.
There is a staircase to the Ecumenical Temple here.
The goblin hits you with a +0 dagger.
Found a sling and a quarterstaff.
The goblin unwields a +0 dagger.
The goblin wields a +0 sling.
The goblin shoots a sling bullet.
The sling bullet misses you.
A jackal comes into view.
A jackal comes into view.
Found a stone staircase leading up.
The jackal barks!
An adder comes into view.
The goblin shoots a sling bullet.
The sling bullet hits you.
The jackal barks!
The adder hisses angrily.
The jackal completely misses you.
Found a scroll of magic mapping.
The adder closely misses you.
Found a whip.
The adder bites you.
You are lethally poisoned!
The adder poisons you!
* * * LOW HITPOINT WARNING * * *
You feel sick.
There is a stone staircase leading up here.
* * * LOW HITPOINT WARNING * * *
You feel sick. The adder closely misses you. The jackal closely misses you. x2
You climb upwards.
* * * LOW HITPOINT WARNING * * *
You feel sick.
There is a stone staircase leading down here.
Okay, then.
Unknown command.
As you read the scroll of fear, it crumbles to dust.
You assume a fearsome visage.
The adder looks frightened!
* * * LOW HITPOINT WARNING * * *
You feel sick.
Found 7 stones.
You die...

..
.#..#+###
........#
#@###
#..>#
###.#
#.S.
####..
... .( .


You could see an adder (fleeing).

Vanquished Creatures
  An ufetubus (D:5)
  An orc (D:5)
2 creatures vanquished.

Notes
Turn   | Place    | Note
-------+----------+-------------------------------------------
     0 | D:5      | Twinkles the Spriggan Delver began the quest for the Orb.
     0 | D:5      | Reached XP level 1. HP: 11/11 MP: 2/2
    51 | D:5      | Noticed a hound
    86 | D:5      | Noticed Duvessa
    86 | D:5      | Noticed Dowan
    92 | D:5      | Noticed a jelly
    93 | D:4      | Noticed a black bear
    93 | D:4      | Found a staircase to the Ecumenical Temple.
   102 | Temple   | Entered the Ecumenical Temple
   291 | Temple   | Became a worshipper of Ru the Awakened
   325 | D:4      | HP: 3/11 [poisoned by an adder]
   328 | D:3      | HP: 1/11 [poisoned by an adder]
   330 | D:3      | Succumbed to an adder's poison

Illustrated notes

Levels and vault maps discovered:
D:3:      layout_rooms, elyvilon_altar_3, mainiacjoe_overflow_six_doors_small,
          serial_shops, shop, chequers_serial_rivers_micro_c,
          minmay_misc_feat_pillars, minmay_misc_feat_nine_boxes,
          dk_noncrumbling_2, uniq_jessica
D:4:      layout_rooms, minmay_temple_entry_ruins,
          nicolae_ossuary_entry_monument, guppyfry_shop_venom,
          uniq_crazy_yiuf_cottage
D:5:      black_bear_nest_1, layout_rooms, mainiacjoe_overflow_alcove_2,
          kennysheep_generic_room_12, uniq_duvessa
Temple:   nicolae_temple_bog_church

Skill      XL: |  1 |
---------------+----+-----
Dodging        | 3 |  3.0
Fighting       | |  2.5
Short Blades   | |  2.4
Stealth        | |  7.4

Action                     || total
---------------------------++-------
  Melee: Short sword       ||     6
    Use: Scroll            ||     1
   Stab: Sleeping          ||     1
  Dodge: Dodged            ||    13

Table legend: (Time is in decaauts)
 A = Elapsed time spent in this place.
 B = Non-inter-level travel time spent in this place.
 C = Inter-level travel time spent in this place.
 D = Time resting spent in this place.
 E = Time spent auto-exploring this place.
 F = Levels seen in this place.
 G = Mean time per level.
                   A        B        C        D        E       F      G
               +--------+--------+--------+--------+--------+-----+--------+
         Total |    217 |    189 |     28 |      0 |    116 |   4 |   54.2 |
       Dungeon |     85 |     85 |      0 |      0 |     24 |   3 |   28.3 |
        Temple |    131 |    103 |     28 |      0 |     92 |   1 |  131.0 |
               +--------+--------+--------+--------+--------+-----+--------+

Top non-repeatable levels by time:
  Temple: 131 daAuts
     D:5: 64 daAuts
     D:4: 18 daAuts
     D:3: 2 daAuts
